 Dungeon Crawl Stone Soup version 0.28.0-53-g5a82cb258f (webtiles) character file.

Game seed: 2654996068397959535

163 protoss039 the Digger (level 5, 39/39 HPs)
             Began as a Demonspawn Earth Elementalist on June 1, 2022.
             Got out of the dungeon alive.
             The game lasted 00:05:02 (4239 turns).

protoss039 the Digger (DsEE)                        Turns: 4239, Time: 00:05:03

Health: 39/39      AC:  2    Str:  9    XL:     5   Next: 20%
Magic:  8/8        EV: 12    Int: 20    God:
Gold:   163        SH:  0    Dex: 13    Spells: 3/9 levels left

rFire   . . .      SeeInvis .   a - +0 spear
rCold   + . .      Faith    .   (no shield)
rNeg    . . .      Spirit   .   b - +0 robe
rPois   .          Reflect  .   (helmet restricted)
rElec   .          Harm     .   q - scarf {repulsion}
rCorr   .          Rampage  .   (no gloves)
Will    .....                   (no boots)
Stlth   ++........              h - amulet of the acrobat
HPRegen 0.13/turn               f - ring of protection from cold
MPRegen 0.11/turn               (no ring)

@: repel missiles
A: horns 1, big brain 1
a: no special abilities


You escaped.
You visited 1 branch of the dungeon, and saw 4 of its levels.

You collected 163 gold pieces.

Inventory:

Hand Weapons
 a - a +0 spear (weapon)
Missiles
 c - 78 stones
Armour
 b - a +0 robe (worn)
 o - a +0 helmet
 q - a scarf of repulsion (worn)
Jewellery
 f - a ring of protection from cold (left hand)
 h - an amulet of the acrobat (around neck)
Scrolls
 e - a scroll of noise {unknown}
 i - a scroll of teleportation {unknown}
 l - 4 scrolls of identify {unknown}
 m - a scroll of summoning {unknown}
 n - a scroll of enchant weapon {unknown}
 r - a scroll of brand weapon {unknown}
Potions
 d - a potion of haste {unknown}
 g - 2 potions of lignification {unknown}
 j - a potion of mutation {unknown}
 k - a potion of heal wounds {unknown}
 p - 2 potions of curing {unknown}


   Skills:
 * Level 2.7 Fighting
 + Level 1.5 Armour
 - Level 1.7 Dodging
 - Level 1.7 Stealth
 + Level 2.6 Spellcasting
 * Level 1.8 Conjurations
 - Level 1.0 Transmutations
 + Level 3.2 Earth Magic


You had 3 spell levels left.
You knew the following spells:

 Your Spells              Type           Power      Damage    Failure   Level
a - Sandblast             Erth           30%        2d9       4%          1
b - Passwall              Tmut/Erth      9%         N/A       10%         2
c - Stone Arrow           Conj/Erth      24%        3d8       16%         3

Your spell library contained the following spells:

 Spells                   Type           Power      Damage    Failure   Level
 Foxfire                  Conj/Fire      24%        2x1d5     10%         1
 Slow                     Hex            8%         N/A       16%         1
 Static Discharge         Conj/Air       6%         N/A       16%         2
 Conjure Flame            Conj/Fire      6%         6-21      30%         3
 Confusing Touch          Hex            2%         N/A       41%         3
 Inner Flame              Hex/Fire       2%         N/A       41%         3
 Vampiric Draining        Necr           2%         2d6       41%         3
 Petrify                  Tmut/Erth      11%        N/A       52%         4
 Flame Wave               Conj/Fire      6%         2d5       69%         4
 Sticky Flame             Conj/Fire      6%         2d3       69%         4
 Dispel Undead            Necr           2%         3d7       83%         4


Dungeon Overview and Level Annotations

Branches:
Dungeon (4/15)
 Temple: D:4-7

Altars:
Elyvilon
Makhleb
Zin


Innate Abilities, Weirdness & Mutations

You have a pair of small horns on your head.
You have an unusually large brain. (Int +2)


Message History

You climb upwards.
There is a stone staircase leading down here.
Unknown command.
(D) Dungeon
Where to? (Enter - D:4 @ (x,y), ? - help)
What level of the Dungeon? (default 1, ? - help)
You open the door.
There is an open door here.
There is a stone staircase leading up here.
You climb upwards.
There is a stone staircase leading down here.
You see here a +0 short sword.
Magic restored.
There is an open door here.
A goblin comes into view. It is wielding a +0 club.
You reach to attack!
The goblin shouts!
You hit the goblin.
The goblin is severely wounded.
The goblin unwields a +0 club.
The goblin wields a +0 hunting sling.
The goblin shoots a stone.
The stone misses you.
You reach to attack!
You hit the goblin.
You kill the goblin!
No target in view!
No target in view!
No target in view!
No target in view!
No target in view!
No target in view!
No target in view!
No target in view!
(D) Dungeon
Where to? (Enter - D:1, ? - help)
There is a stone staircase leading up here.
You climb upwards.
There is a stone staircase leading down here.
There is a staircase leading out of the dungeon here.
Unknown command.
Are you sure you want to leave the Dungeon?
This will make you lose the game!
You have escaped!

........###...≈....#.........#
##......###..≈.≈.............#
##........#..§.≈.............#
#........#..≈..≈...###..######
#........#..≈...≈.....#.##...#
###########...≈..........##...#
..............≈.≈≈≈≈≈...[##...###
############..≈......≈...##......
#..#..§.@§§...≈...#.#####
#########..#..§≈§§§..≈...........
........#..#....§§§≈≈..##.#.##.##
........#..#.≈...≈....###.#.##...
........#..#.≈...≈.######.#.##...
.....^..#..#.≈..≈...........##...
........#..#.≈.≈..#..####...##...
........#..#.≈.≈............##...
........#..#..≈........#..#.##...


There were no monsters in sight!

Vanquished Creatures
  A jelly (D:4)
  3 gnolls (D:3)
  3 adders
  4 worms
  A dart slug (D:1)
  An orc (D:4)
  11 endoplasms
  3 giant cockroaches (D:1)
  3 goblins
  7 hobgoblins
  3 jackals
  3 kobolds (D:4)
  A quokka (D:2)
  5 ball pythons
  7 bats
  5 frilled lizards
  3 rats
64 creatures vanquished.

Notes
Turn   | Place    | Note
-------+----------+-------------------------------------------
     0 | D:1      | protoss039 the Demonspawn Earth Elementalist began the
                  | quest for the Orb.
     0 | D:1      | Reached XP level 1. HP: 13/13 MP: 3/3
   194 | D:1      | Reached skill level 1 in Transmutations
   530 | D:1      | Gained mutation: You have an unusually large brain. (Int
                  | +2) [demonic ancestry]
   530 | D:1      | Reached XP level 2. HP: 20/20 MP: 5/5
   617 | D:1      | Reached skill level 1 in Fighting
   979 | D:1      | Found a faded altar of an unknown god.
  1373 | D:2      | Learned a level 2 spell: Passwall
  1571 | D:2      | Reached XP level 3. HP: 24/26 MP: 6/6
  1792 | D:2      | Learned a level 3 spell: Stone Arrow
  1832 | D:2      | Reached skill level 1 in Armour
  1832 | D:2      | Reached skill level 3 in Earth Magic
  3158 | D:3      | Found a burning altar of Makhleb.
  3206 | D:3      | Reached skill level 1 in Conjurations
  3206 | D:3      | Reached XP level 4. HP: 33/33 MP: 5/7
  4144 | D:4      | Gained mutation: You have a pair of small horns on your
                  | head. [demonic ancestry]
  4144 | D:4      | Reached XP level 5. HP: 39/39 MP: 3/8
  4239 | D:$      | Got out of the dungeon alive.

Illustrated notes

Levels and vault maps discovered:
D:1:      ebering_trefoil_3fold, layout_basic,
          shapermc_ecumenical_altar_mp_vishouse
D:2:      layout_basic, minmay_pentomino_x4
D:3:      layout_loops_corners, bloody_makhleb, roderic_serpentine_path
D:4:      layout_basic, elyvilon_altar_4, mainiacjoe_overflow_alcove_2,
          mainiacjoe_overflow_small_starburst

Skill      XL: |  1  2  3 |
---------------+----------+-----
Transmutations | 1 |  1.0
Fighting       | 1 2 |  2.7
Armour         | 1 |  1.5
Earth Magic    | 3 |  3.2
Conjurations   | 1 |  1.8
Dodging        | |  1.7
Stealth        | |  1.7
Spellcasting   | |  2.6

Action                   |  1- 3 |  4- 6 || total
-------------------------+-------+-------++-------
Melee: Spear             |   155 |    34 ||   189
       Punch             |     2 |       ||     2
 Cast: Sandblast         |    21 |    21 ||    42
 Stab: Sleeping          |     9 |     1 ||    10
Armor: Robe              |    32 |    12 ||    44
Dodge: Dodged            |    85 |    28 ||   113
